 Dungeon Crawl Stone Soup version 0.29.1-12-g30fa7ad0bf (webtiles) character file.

Game seed: 12285393232852510520

321 concernfroge the Trooper (level 6, 0/49 HPs)
             Began as a Mummy Monk on Dec 19, 2022.
             Was a Believer of Cheibriados.
             Slain by an iguana (4 damage)
             ... on level 4 of the Dungeon.
             The game lasted 00:13:22 (4337 turns).

concernfroge the Trooper (Mummy Monk)               Turns: 4337, Time: 00:13:22

Health: 0/49       AC:  7    Str: 22    XL:     6   Next: 22%
Magic:  0/6        EV: 13    Int: 19    God:    Cheibriados [**....]
Gold:   128        SH:  0    Dex: 19    Spells: 5/5 levels left

rFire   x . .      SeeInvis .   l - +0 halberd
rCold   + . .      Faith    .   (shield currently unavailable)
rNeg    + + +      Spirit   +   k - +0 ring mail
rPois   ∞          Reflect  .   (no helmet)
rElec   +          Harm     .   (no cloak)
rCorr   .          Rampage  .   (no gloves)
Will    .....                   n - +1 pair of boots
Stlth   ++........              j - amulet of Kikubaaqudgha's Favour {Spirit rElec rN+ Int+4 Dex-2}
HPRegen 0.16/turn               (no ring)
MPRegen 0.10/turn               (no ring)

@: very slow
A: cold resistance 1, negative energy resistance 3, torment resistance 2, heat
vulnerability 1, in touch with death 1, no potions
a: Renounce Religion, Bend Time


You were on level 4 of the Dungeon.
You worshipped Cheibriados.
Cheibriados was pleased with you.
You visited 1 branch of the dungeon, and saw 4 of its levels.

You collected 128 gold pieces.

Inventory:

Hand Weapons
 a - a +0 spear
 l - a +0 halberd (weapon)
Missiles
 f - a datura-tipped dart
 g - 6 poisoned darts (quivered)
 o - 59 stones
Armour
 k - a +0 ring mail (worn)
 n - a +1 pair of boots (worn)
Jewellery
 j - the amulet of Kikubaaqudgha's Favour (around neck) {Spirit rElec rN+ Int+4 Dex-2}
   (You found it on level 3 of the Dungeon)

   [amulet of guardian spirit]

   It causes incoming damage to be divided between your reserves of health and
   magic.
   Int:       It affects your intelligence (+4).
   Dex:       It affects your dexterity (-2).
   rElec:     It insulates you from electricity.
   rN:        It protects you from negative energy.
Wands
 d - a wand of charming (3)
Scrolls
 b - 2 scrolls of identify
 c - a scroll of fear
 e - 3 scrolls of vulnerability
 h - 2 scrolls of blinking
 i - 2 scrolls of amnesia {unknown}
 m - a scroll of teleportation {unknown}


   Skills:
 + Level 4.3 Fighting
 - Level 3.5 Polearms
 - Level 3.5 Dodging
 - Level 3.2 Stealth
 + Level 0.0 Invocations


You had 5 spell levels left.
You didn't know any spells.
Your spell library contained the following spells:

 Spells                   Type           Power      Damage    Failure   Level
 Static Discharge         Conj/Air       0%         3-3/arc   45%         2
 Dispel Undead            Necr           0%         3d6       97%         4
 Sticky Flame             Conj/Fire      0%         2d3       97%         4


Dungeon Overview and Level Annotations

Branches:
Dungeon (4/15)
 Temple: D:4-7

Altars:
Cheibriados

Shops:
D:2 [

Annotations:
D:4 Robin


Innate Abilities, Weirdness & Mutations

You are immune to poison.
Your flesh is cold resistant. (rC+)
You are immune to negative energy. (rN+++)
You are immune to unholy pain and torment.
You are vulnerable to heat. (rF-)
You are in touch with the powers of death.
You do not drink.


Message History

You barely miss the iguana.
The iguana is moderately wounded.
The iguana closely misses you.
You hit the iguana.
The iguana is heavily wounded.
The iguana bites you but does no damage.
The iguana bites you.
You closely miss the iguana.
The iguana is heavily wounded.
The iguana barely misses you.
You hit the iguana but do no damage.
The iguana is heavily wounded.
The iguana hisses menacingly.
The iguana closely misses you.
You completely miss the iguana.
The iguana is heavily wounded.
The iguana bites you. x2
You puncture the iguana!
The iguana is almost dead.
The iguana bites you!
You are too injured to fight recklessly!
You barely miss the iguana.
The iguana is almost dead.
The iguana bites you.
You barely miss the iguana.
The iguana is almost dead.
The iguana bites you!
* * * LOW HITPOINT WARNING * * *
The iguana misses you.
You hit the iguana but do no damage.
The iguana is almost dead.
The iguana closely misses you.
You hit the iguana but do no damage.
The iguana is almost dead.
The iguana bites you.
* * * LOW HITPOINT WARNING * * *
You hit the iguana but do no damage.
The iguana is almost dead.
The iguana barely misses you. The iguana bites you.
You die...

#.......#
#......#
+.#.###.#
#......#
#..)....#
########
#####.....#
#.........#
#..........#
#.###......# ..
#......########
#.....$@.......
#......l.....#.
#.#>.......?.#
#.#).........#
#.#..........#
#..........#
#..........#
#..........#


You could see an iguana.

Vanquished Creatures
  An ice beast (D:3)
  3 gnolls (D:2)
  5 adders
  A worm (D:2)
  3 dart slugs
  3 orcs (D:3)
  5 ball pythons
  7 endoplasms
  2 giant cockroaches (D:1)
  10 goblins
  7 hobgoblins
  7 jackals
  5 kobolds (D:1)
  4 quokkas
  3 bats
  4 frilled lizards
  4 rats
74 creatures vanquished.

Vanquished Creatures (collateral kills)
  2 gnolls (D:2)
  2 adders (D:2)
  An orc (D:3)
  4 goblins
  4 hobgoblins (D:3)
  A jackal (D:3)
  A bat (D:3)
  A frilled lizard (D:2)
  A kobold (D:3)
  A rat (D:2)
18 creatures vanquished.

Vanquished Creatures (others)
  A gnoll (D:2)
  An adder (D:3)
  A jackal (D:3)
  A plant (D:1)
  3 withered plants (D:1)
7 creatures vanquished.

Grand Total: 99 creatures vanquished

Notes
Turn   | Place    | Note
-------+----------+-------------------------------------------
     0 | D:1      | concernfroge the Mummy Monk began the quest for the Orb.
     0 | D:1      | Reached XP level 1. HP: 18/18 MP: 1/1
   197 | D:1      | Reached XP level 2. HP: 18/24 MP: 2/2
   445 | D:1      | You fall into a shaft and drop 1 floor!
   611 | D:2      | Gained mutation: You are in touch with the powers of death.
                  | [Mummy growth]
   611 | D:2      | Reached XP level 3. HP: 28/29 MP: 3/3
   937 | D:2      | Reached XP level 4. HP: 35/35 MP: 4/4
  1051 | D:2      | Found Gipse's Armour Boutique.
  1731 | D:2      | Reached XP level 5. HP: 42/42 MP: 5/5
  2213 | D:3      | Identified the amulet of Kikubaaqudgha's Favour {Spirit
                  | rElec rN+ Int+4 Dex-2}
  2320 | D:4      | Noticed Robin
  2360 | D:3      | Reached skill level 4 in Fighting
  2838 | D:3      | Noticed an ice beast
  2849 | D:3      | Killed an ice beast
  2850 | D:3      | Reached XP level 6. HP: 48/48 MP: 6/6
  3362 | D:1      | Found a faded altar of an unknown god.
  4232 | D:1      | Prayed at the altar of an unknown god.
  4232 | D:1      | Became a worshipper of Cheibriados the Contemplative
  4232 | D:1      | Reached * piety under Cheibriados
  4232 | D:1      | Reached ** piety under Cheibriados
  4337 | D:4      | Slain by an iguana

Illustrated notes

Levels and vault maps discovered:
D:1:      dpeg_arrival_morbid_curiosity, layout_loops_ring,
          shapermc_ecumenical_altar_flowoftime
D:2:      layout_loops_corners, serial_shops, nicolae_shop_advertising_works
          [nicolae_subvault_shop_adworks]
D:3:      layout_basic, minmay_surrounded
D:4:      layout_basic, grunt_temple_overflow_lords_of_destruction, uniq_robin

Skill      XL: |  1  2  3  4  5 |
---------------+----------------+-----
Stealth        | 2 3 |  3.2
Polearms       | 3 |  3.5
Dodging        | 3 |  3.5
Fighting       | 4 |  4.3

Action                   |  1- 3 |  4- 6 || total
-------------------------+-------+-------++-------
Melee: Spear             |    75 |   131 ||   206
       Punch             |     1 |     1 ||     2
       Halberd           |       |   122 ||   122
Throw: Dart              |     3 |    17 ||    20
Evoke: Wand              |       |     3 ||     3
  Use: Scroll            |       |     5 ||     5
 Stab: Sleeping          |     4 |     9 ||    13
Armor: Robe              |    10 |    13 ||    23
       Ring mail         |       |    38 ||    38
Dodge: Dodged            |    33 |   142 ||   175
